 Dungeon Crawl Stone Soup version 0.22.1-1-ga44c0e5 (webtiles) character file.

280 Anon1729 the Chopper (level 6, -9/61 HPs)
             Began as a Naga Gladiator on Sept 28, 2018.
             Mangled by an ogre
             ... wielding a +0 giant club
              (27 damage)
             ... on level 4 of the Dungeon.
             The game lasted 00:03:34 (2783 turns).

Anon1729 the Chopper (Naga Gladiator)               Turns: 2783, Time: 00:03:35

Health: -9/61      AC:  4    Str: 16    XL:     6   Next: 27%
Magic:  6/6        EV: 10    Int:  9    God:
Gold:   157        SH:  0    Dex: 12    Spells: 5/5 levels left

rFire    . . .     SeeInvis +   a - +0 war axe
rCold    . . .     Gourm    .   (no shield)
rNeg     . . .     Faith    .   b - +0 leather armour
rPois    +         Spirit   .   c - +0 helmet
rElec    .         Reflect  .   (no cloak)
rCorr    .         Harm     .   (no gloves)
MR       .....     Rnd*Rage +   (no barding)
Stlth    +.........             (no amulet)
HPRegen  0.20/turn              n - ring of flight
MPRegen  0.10/turn              (no ring)

@: short of breath, hasted, quick
A: large, see invisible, berserk 1, deformed body, dopey 1, poison resistance,
robust 1, slowness 2, slow metabolism 1, spit poison 1, AC +2
a: Spit Poison, Evoke Flight


You were on level 4 of the Dungeon.
You were not hungry.

You visited 1 branch of the dungeon, and saw 4 of its levels.

You collected 157 gold pieces.

Inventory:

Hand Weapons
 a - a +0 war axe (weapon)
Missiles
 d - 3 throwing nets (quivered)
Armour
 b - a +0 leather armour (worn)
 c - a +0 helmet (worn)
Jewellery
 n - a ring of flight (left hand)
Scrolls
 e - 2 scrolls of enchant armour {unknown}
 g - 2 scrolls of identify {unknown}
 i - a scroll of immolation {unknown}
 k - a scroll of blinking {unknown}
 m - a scroll of magic mapping {unknown}
 o - a scroll of enchant weapon {unknown}
 p - a scroll of amnesia {unknown}
 q - a scroll of remove curse {unknown}
 t - 2 scrolls of fog {unknown}
Potions
 h - a potion of curing {unknown}
 j - a potion of mutation
 s - a potion of haste
Comestibles
 f - 4 rations


   Skills:
 + Level 3.3 Fighting
 * Level 5.0 Axes
 - Level 2.0 Throwing
 + Level 2.0 Armour
 - Level 3.0 Dodging


You had 5 spell levels left.
You didn't know any spells.
Your spell library was empty.

Dungeon Overview and Level Annotations

Branches:
Dungeon (3/15)

Altars:


Innate Abilities, Weirdness & Mutations

You cannot wear boots.
Your serpentine skin is tough. (AC +2)
You have supernaturally acute eyesight. (SInv)
Armour fits poorly on your strangely shaped body.
Your system is resistant to poisons. (rPois)
You cover ground very slowly.
You have a slow metabolism.
You can spit poison.
You tend to lose your temper in combat.
You are dopey. (Int -2)
You are robust. (+10% HP)


Message History

The ogre closely misses you.
All of the chunks of flesh in your inventory have rotted away.
You aren't carrying any items that you can evoke.
It was a potion of ambrosia.
You are confused.
You feel invigorated.
You barely miss the ogre. The ogre barely misses you.
You bump into the granite statue.
You feel less invigorated.
You feel less confused.
You aren't carrying any items that you can evoke.
Unknown command.
Press: ? - help, Shift-Dir - straight line, f/p - ogre
Aim: an ogre, wielding a giant club The splash of poison hits the ogre.
The ogre is poisoned.
The ogre is lightly wounded.
You feel slightly more hungry.
You hit the ogre.
The ogre is moderately wounded.
The ogre hits you with a giant club!!
You die...

##.#.## ##.>.....##.##
##...## ##.)...###.##
##.....## ##..........
#.......# #.####.....
##.....## #.#..##...#
##...## #.#...##.##
##.## #.##...#.#.
#.##########..##.'#.#'
#....@OZ.......###...#
#..#######......w..8..
#..##### #.#...###...#
#......###.#..## +#.#'
##.###.......## #.#.
#.#######.#.# ##.##
#.........#.# ##...#
###########.####.....
#..........


You could see an ogre and a jackal skeleton.

Vanquished Creatures
  An ogre (D:4)
  A hound (D:4)
  2 orc wizards
  A worker ant (D:4)
  2 adders
  An adder zombie (D:4)
  A dart slug (D:2)
  A leopard gecko (D:1)
  5 orcs
  A giant cockroach (D:4)
  6 hobgoblins
  9 jackals (D:4)
  7 kobolds
  A quokka (D:4)
  2 ball pythons
  4 bats
  2 frilled lizards
  6 goblins
  4 rats
57 creatures vanquished.

Notes
Turn   | Place    | Note
-------+----------+-------------------------------------------
     0 | D:1      | Anon1729 the Naga Gladiator began the quest for the Orb.
     0 | D:1      | Reached XP level 1. HP: 19/19 MP: 1/1
   358 | D:1      | Reached XP level 2. HP: 23/26 MP: 2/2
  1213 | D:2      | Reached XP level 3. HP: 30/32 MP: 3/3
  1661 | D:2      | Reached skill level 1 in Armour
  1661 | D:2      | Reached XP level 4. HP: 25/40 MP: 4/4
  1835 | D:3      | You fall through a shaft!
  1856 | D:4      | Reached skill level 4 in Axes
  1948 | D:4      | Noticed an ogre
  1957 | D:4      | Killed an ogre
  1957 | D:4      | Reached XP level 5. HP: 29/49 MP: 5/5
  2164 | D:4      | Reached XP level 6. HP: 17/56 MP: 6/6
  2546 | D:4      | Reached skill level 5 in Axes
  2761 | D:4      | HP: 2/56 [ogre/giant club (30)]
  2762 | D:4      | Gained mutation: You are dopey. (Int -2) [potion of
                  | mutation]
  2762 | D:4      | Gained mutation: You tend to lose your temper in combat.
                  | [potion of mutation]
  2762 | D:4      | Gained mutation: You are robust. (+10% HP) [potion of
                  | mutation]
  2783 | D:4      | Mangled by an ogre

Skill      XL: |  1  2  3  4  5  6 |
---------------+-------------------+-----
Throwing       | 2 |  2.0
Armour         | 1 2 |  2.0
Axes           | 4 5 |  5.0
Dodging        | 3 |  3.0
Fighting       | 3 |  3.3

Action                   |  1- 3 |  4- 6 || total
-------------------------+-------+-------++-------
Melee: War axe           |    85 |   105 ||   190
 Abil: Spit Poison       |     2 |     5 ||     7
  Use: Potion            |       |     3 ||     3
  Eat: Chunk             |     2 |     3 ||     5
Armor: Leather armour    |    18 |    35 ||    53
Dodge: Dodged            |    49 |    86 ||   135
